 Dungeon Crawl Stone Soup version 0.21.1-1-g345015f (webtiles) character file.

79 grindst0ne the Gusty (level 3, 0/29 HPs)
             Began as a Demigod Air Elementalist on Feb 26, 2018.
             Slain by derrymb's ghost (8 damage)
             ... on level 3 of the Dungeon.
             The game lasted 00:06:06 (3267 turns).

grindst0ne the Gusty (Demigod Air Elementalist)     Turns: 3267, Time: 00:06:07

Health: 0/29       AC:  2    Str: 13    XL:     3   Next: 95%
Magic:  6/8        EV: 12    Int: 19    God:
Gold:   154        SH:  0    Dex: 16    Spells: 4/5 levels left

rFire    . . .     SeeInvis .   m - +0 hand axe
rCold    . . .     Gourm    .   (no shield)
rNeg     . . .     Faith    .   a - +0 robe
rPois    .         Spirit   .   (no helmet)
rElec    .         Reflect  .   (no cloak)
rCorr    .         Harm     .   (no gloves)
MR       .....                  (no boots)
Stlth    +++.......             (no amulet)
HPRegen  0.09/turn              r - ring of stealth
MPRegen  0.11/turn              (no ring)

@: no status effects
A: high mp 1
a: no special abilities


You were on level 3 of the Dungeon.
You were not hungry.

You visited 1 branch of the dungeon, and saw 3 of its levels.

You collected 154 gold pieces.

Inventory:

Hand Weapons
 d - a +0 whip
 m - a +0 hand axe (weapon)
Missiles
 s - 5 tomahawks (quivered)
Armour
 a - a +0 robe (worn)
 k - a +0 chain mail
Jewellery
 r - a ring of stealth (left hand)
Scrolls
 h - 2 scrolls of amnesia {unknown}
 i - 4 scrolls of identify {unknown}
 j - 2 scrolls of blinking {unknown}
 n - a scroll of fear {unknown}
 o - 2 scrolls of teleportation {unknown}
 t - a scroll of remove curse {unknown}
Potions
 e - 3 potions of flight {unknown}
 f - 2 potions of heal wounds {unknown}
 g - a potion of mutation {unknown}
 l - a potion of invisibility {unknown}
 p - a potion of lignification {unknown}
 q - a potion of brilliance {unknown}
 v - a potion of haste {unknown}
Books
 b - a book of Air

   Spells                             Type                      Level
   a - Shock                          Conjuration/Air              1
   b - Swiftness                      Charms/Air                   2
   c - Static Discharge               Conjuration/Air              3
   d - Airstrike                      Air                          4
   e - Lightning Bolt                 Conjuration/Air              5
Comestibles
 c - 6 rations
 u - a chunk of flesh


   Skills:
 * Level 2.0 Fighting
 - Level 1.7 Dodging
 - Level 1.7 Stealth
 - Level 1.7 Spellcasting
 - Level 0.8 Conjurations
 - Level 4.0 Air Magic


You had 4 spell levels left.
You knew the following spells:

 Your Spells              Type           Power        Failure   Level  Hunger
a - Shock                 Conj/Air       ##..         6%          1    #......


Dungeon Overview and Level Annotations

Branches:
Dungeon (3/15)

Annotations:
D:3 derrymb's ghost, amateur BaMo


Innate Abilities, Weirdness & Mutations

You have an increased reservoir of magic. (+10% MP)


Message History

Confirm with . or Enter, or press ? or * to list all spells.
Aiming: Shock
Press: ? - help, Shift-Dir - straight line The zap hits derrymb's ghost.
Derrymb's ghost is lightly damaged.
The zap hits derrymb's ghost.
Derrymb's ghost is lightly damaged.
Derrymb's ghost hits you.
Casting: Shock
Confirm with . or Enter, or press ? or * to list all spells.
Aiming: Shock
Press: ? - help, Shift-Dir - straight line The zap hits derrymb's ghost.
Derrymb's ghost is moderately damaged.
The zap hits derrymb's ghost.
Derrymb's ghost is moderately damaged.
Derrymb's ghost hits you!
* * * LOW HITPOINT WARNING * * *
Derrymb's ghost hits you!
You die...

##.#......#..#........###
#...##.#.#...#.##.......
#..###.....#.#.###......
#.........##.#.....#.#..
#.####.....#.#####...##.
#. #......[.####.....#
#.......^##........
#................##
#.@...............#
#W................#
#.................#
#.................#
##......(.........#
#................#
##..........)...##
##.....##.....##
##############


You could see derrymb's ghost.

Vanquished Creatures
  2 adders
  2 worms
  2 dart slugs
  3 leopard geckos
  5 bats
  2 giant cockroaches
  10 goblins
  3 hobgoblins
  2 jackals (D:2)
  A ball python (D:1)
  6 frilled lizards
  7 kobolds
  6 rats
51 creatures vanquished.

Notes
Turn   | Place    | Note
-------+----------+-------------------------------------------
     0 | D:1      | grindst0ne the Demigod Air Elementalist began the quest for the Orb.
     0 | D:1      | Reached XP level 1. HP: 14/14 MP: 5/5
   341 | D:1      | Reached skill level 3 in Air Magic
   917 | D:1      | Reached XP level 2. HP: 16/20 MP: 0/7
  2112 | D:2      | Reached XP level 3. HP: 23/26 MP: 5/8
  2256 | D:2      | Reached skill level 4 in Air Magic
  2611 | D:2      | Reached skill level 1 in Fighting
  3225 | D:3      | Noticed derrymb's ghost (amateur BaMo)
  3267 | D:3      | Slain by derrymb's ghost

Skill      XL: |  1  2  3 |
---------------+----------+-----
Air Magic      | 3 4 |  4.0
Fighting       | 2 |  2.0
Dodging        | |  1.7
Stealth        | |  1.7
Spellcasting   | |  1.7
Conjurations   | |  0.8

Action                   || total
-------------------------++-------
Melee: Whip              ||    71
       Hand axe          ||    46
 Cast: Shock             ||    54
 Stab: Sleeping          ||     4
  Eat: Chunk             ||     8
Armor: Robe              ||    17
Dodge: Dodged            ||   106
